 Dungeon Crawl Stone Soup version 0.26-a0-639-g72c4674329 (webtiles) character file.

Game seed: 2430170869301911898

4319 Gargoyl the Fighter (level 10, -17/82 HPs)
             Began as a Gnoll Abyssal Knight on Sept 18, 2020.
             Was an Elder of Lugonu.
             Demolished by Gastronok (25 damage)
             ... on level 8 of the Dungeon.
             The game lasted 00:11:40 (7318 turns).

Gargoyl the Fighter (Gnoll Abyssal Knight)          Turns: 7318, Time: 00:11:41

Health: -17/82     AC: 19    Str: 23    XL:     10   Next: 33%
Magic:  13/17      EV: 10    Int: 16    God:    Lugonu [****..]
Gold:   528        SH: 10    Dex: 14    Spells: 19/19 levels left

rFire    + . .     SeeInvis .   c - +0 war axe (flame)
rCold    . . .     Faith    .   v - +0 kite shield
rNeg     . . .     Spirit   .   o - +5 ring mail {rF+}
rPois    .         Reflect  .   r - +2 hat
rElec    .         Harm     .   p - +0 cloak
rCorr    .         Rampage  .   (no gloves)
MR       .....                  s - +0 pair of boots
Stlth    ++........             (no amulet)
HPRegen  0.23/turn              m - +6 ring of strength
MPRegen  0.15/turn              q - +4 ring of protection

@: slowed, heavily drained, very slow
A: distributed training, fangs 1, strong nose
a: Depart the Abyss, Bend Space, Banish, Corrupt, Renounce Religion


You were on level 8 of the Dungeon.
You worshipped Lugonu.
Lugonu was greatly pleased with you.
You visited 1 branch of the dungeon, and saw 8 of its levels.
You visited the Abyss 1 time.

You collected 593 gold pieces.
You spent 65 gold pieces at shops.

Inventory:

Hand Weapons
 c - a +0 war axe of flaming (weapon)
 B - a +3 hand axe
Missiles
 a - 5 silver javelins
 h - 5 silver boomerangs (quivered)
Armour
 o - a +5 ring mail of fire resistance (worn)
 p - a +0 cloak (worn)
 r - a +2 hat (worn)
 s - a +0 pair of boots (worn)
 v - a +0 kite shield (worn)
Jewellery
 f - a +6 ring of strength
 m - a +6 ring of strength (left hand)
 q - a +4 ring of protection (right hand)
 x - a +6 ring of dexterity
Wands
 y - a wand of enslavement (8)
 C - a wand of digging (4)
Scrolls
 d - 3 scrolls of remove curse
 e - 5 scrolls of teleportation
 w - 3 scrolls of identify
 A - a scroll of magic mapping
 D - a scroll of acquirement
Potions
 b - 2 potions of haste
 g - 4 potions of might
 i - a potion of flight
 j - 7 potions of curing {unknown}
 k - a potion of degeneration {unknown}
 l - 3 potions of lignification
 n - 2 potions of stabbing {unknown}
 t - a potion of mutation {unknown}
 u - a potion of ambrosia {unknown}


   Skills:
 + Level 8.4(6.4) Fighting
 + Level 5.2(3.3) Short Blades
 + Level 5.2(3.3) Long Blades
 + Level 7.0(5.0) Axes
 + Level 5.2(3.3) Maces & Flails
 + Level 5.2(3.3) Polearms
 + Level 5.2(3.3) Staves
 + Level 5.2(3.3) Slings
 + Level 5.2(3.3) Bows
 + Level 5.2(3.3) Crossbows
 + Level 5.2(3.3) Throwing
 + Level 7.0(5.0) Armour
 + Level 5.8(3.9) Dodging
 + Level 5.2(3.3) Stealth
 + Level 5.2(3.3) Shields
 + Level 5.2(3.3) Unarmed Combat
 + Level 5.2(3.3) Spellcasting
 + Level 4.2(2.4) Conjurations
 + Level 4.2(2.4) Hexes
 + Level 4.2(2.4) Summonings
 + Level 4.2(2.4) Necromancy
 + Level 4.2(2.4) Translocations
 + Level 4.2(2.4) Transmutations
 + Level 4.2(2.4) Fire Magic
 + Level 4.2(2.4) Ice Magic
 + Level 4.2(2.4) Air Magic
 + Level 4.2(2.4) Earth Magic
 + Level 4.2(2.4) Poison Magic
 + Level 7.4(5.4) Invocations
 + Level 5.2(3.3) Evocations


You had 19 spell levels left.
You didn't know any spells.
Your spell library contained the following spells:

 Spells                   Type           Power        Failure   Level
 Magic Dart               Conj           ##..         43%         1
 Blink                    Tloc           N/A          56%         2
 Call Imp                 Summ           ##......     56%         2
 Slow                     Hex            ##......     56%         2
 Conjure Flame            Conj/Fire      ##......     80%         3
 Mephitic Cloud           Conj/Pois/Air  ##......     80%         3


Dungeon Overview and Level Annotations

Branches:
Dungeon (8/15)             Temple (0/1) D:6
   Lair: D:8-11

Altars:
Ashenzari
Hepliaklqana
Kikubaaqudgha
Nemelex Xobeh
Sif Muna
Trog
Xom
The Shining One

Shops:
D:6 !

Annotations:
D:8 Gastronok


Innate Abilities, Weirdness & Mutations

Your experience applies equally to all skills.
You have very sharp teeth.
Your uncanny sense of smell can sniff out nearby items.


Message History

You block the quokka's attack. Gastronok casts a spell at you.
You barely resist. The quokka closely misses you.
You hit Gastronok. You burn Gastronok.
Gastronok is almost dead.
You barely miss the quokka. You block the quokka's attack. x2
Gastronok bites you!
* * * LOW HITPOINT WARNING * * *
The quokka closely misses you.
Unknown command.
Okay, then.
Press: ? - help, Shift-Dir - straight line, f - Gastronok
Aim: Gastronok, wearing a +1 hat (almost dead, covering ground quickly, chance to defeat MR: 35%)
You fail to use your ability.
You block the quokka's attack. Gastronok completely misses you.
Press: ? - help, Shift-Dir - straight line, f/p - Gastronok
Aim: Gastronok, wearing a +1 hat (almost dead, covering ground quickly, chance to defeat MR: 35%) Gastronok easily resists.
You block the quokka's attack. The quokka closely misses you.
Gastronok bites you!!
You die...

...##.#.......#
...##.####.##########
.......###.##.......#
...........##.......###
....##.######.........
..))##.# #.......#
.##.##.# #......$# ∆
.##<##.# ###...w...#
.......# #.....@...#
##.).### #.####r.###
#...######.####..#
#..........##....#
##....###.........# ∆
.............#....###
.........(.†..........
........)..###.######..
##....###..###.#


You could see Gastronok (swift) and a quokka (summoned).

Vanquished Creatures
  Harold (D:8)
  Joseph (D:8)
  Maggie (D:8)
  Eustachio (D:5)
  Menkaure (D:5)
  Duvessa (D:6)
  A water moccasin (D:7)
  A sky beast (D:6)
  An ice beast (D:8)
  2 orc warriors
  A phantom (D:5)
  5 ogres
  2 centaurs
  A bullfrog (D:7)
  Dowan (D:6)
  A water moccasin zombie (D:7)
  9 wights
  A howler monkey (D:7)
  A centaur zombie (D:5)
  6 orc wizards
  Crazy Yiuf (D:2)
  2 orc priests (D:4)
  A hound (D:4)
  Natasha (thrice) (D:3)
  A gnoll shaman (D:7)
  An iguana (D:8)
  Ijyb (D:3)
  3 worker ants
  2 hound skeletons
  A worker ant zombie (D:7)
  8 gnolls
  9 adders
  A white imp (D:7)
  2 adder zombies (D:6)
  4 worms
  5 leopard geckos
  21 orcs
  3 giant cockroaches
  4 goblins
  6 hobgoblins
  12 jackals
  9 quokkas
  2 bats (D:2)
  5 frilled lizards
  A jackal skeleton (D:4)
  9 kobolds
  A quokka skeleton (D:5)
  A quokka zombie (D:8)
  10 rats
168 creatures vanquished.

Notes
Turn   | Place    | Note
-------+----------+-------------------------------------------
     0 | Abyss:1  | Gargoyl the Gnoll Abyssal Knight began the quest for the
                  | Orb.
     0 | Abyss:1  | Reached XP level 1. HP: 23/23 MP: 3/3
    15 | Abyss:1  | Found an ornate altar of the Wu Jian Council.
    51 | Abyss:2  | Identified a scroll of acquirement
    51 | Abyss:2  | Acquired a +0 war axe of flaming
    66 | Abyss:2  | Noticed an iron imp
   115 | Abyss:2  | Noticed a wretched star
   116 | D:1      | Escaped the Abyss
   530 | D:1      | You fall into a shaft and drop 1 floor!
   544 | D:2      | Reached XP level 2. HP: 16/29 MP: 5/5
   763 | D:1      | Reached * piety under Lugonu
  1123 | D:1      | Reached XP level 3. HP: 35/35 MP: 6/6
  1958 | D:2      | Reached skill level 1 in Short Blades
  1958 | D:2      | Reached skill level 1 in Long Blades
  1958 | D:2      | Reached skill level 1 in Maces & Flails
  1958 | D:2      | Reached skill level 1 in Polearms
  1958 | D:2      | Reached skill level 1 in Staves
  1958 | D:2      | Reached skill level 1 in Slings
  1958 | D:2      | Reached skill level 1 in Bows
  1958 | D:2      | Reached skill level 1 in Crossbows
  1958 | D:2      | Reached skill level 1 in Throwing
  1958 | D:2      | Reached skill level 1 in Stealth
  1958 | D:2      | Reached skill level 1 in Shields
  1958 | D:2      | Reached skill level 1 in Unarmed Combat
  1958 | D:2      | Reached skill level 1 in Spellcasting
  1958 | D:2      | Reached skill level 1 in Evocations
  2063 | D:2      | Reached XP level 4. HP: 38/41 MP: 7/7
  2167 | D:2      | Found a runed translucent door.
  2168 | D:2      | Noticed Crazy Yiuf
  2180 | D:2      | Killed Crazy Yiuf
  2387 | D:3      | Found a shimmering blue altar of Sif Muna.
  2403 | D:3      | Reached skill level 1 in Conjurations
  2403 | D:3      | Reached skill level 1 in Hexes
  2403 | D:3      | Reached skill level 1 in Summonings
  2403 | D:3      | Reached skill level 1 in Necromancy
  2403 | D:3      | Reached skill level 1 in Translocations
  2403 | D:3      | Reached skill level 1 in Transmutations
  2403 | D:3      | Reached skill level 1 in Fire Magic
  2403 | D:3      | Reached skill level 1 in Ice Magic
  2403 | D:3      | Reached skill level 1 in Air Magic
  2403 | D:3      | Reached skill level 1 in Earth Magic
  2403 | D:3      | Reached skill level 1 in Poison Magic
  2523 | D:3      | Noticed Ijyb
  2563 | D:3      | Killed Ijyb
  2563 | D:3      | Reached XP level 5. HP: 42/47 MP: 8/8
  2603 | D:3      | Noticed Natasha
  2614 | D:3      | Killed Natasha
  2625 | D:3      | Reached ** piety under Lugonu
  2701 | D:3      | Noticed Natasha
  2711 | D:3      | Killed Natasha
  2711 | D:3      | Reached skill level 5 in Invocations
  2711 | D:3      | Reached XP level 6. HP: 51/53 MP: 9/9
  2792 | D:3      | Noticed Natasha
  2801 | D:3      | Killed Natasha
  2998 | D:3      | Found a hazy altar of Hepliaklqana.
  2998 | D:3      | Found a sparkling altar of Nemelex Xobeh.
  3130 | D:4      | Reached skill level 5 in Axes
  3130 | D:4      | Reached skill level 5 in Armour
  3149 | D:4      | Found a shimmering altar of Xom.
  3153 | D:4      | Found a shimmering altar of Xom.
  3153 | D:4      | Found a shimmering altar of Xom.
  3154 | D:4      | Found a shimmering altar of Xom.
  3154 | D:4      | Found a shimmering altar of Xom.
  3155 | D:4      | Found a shimmering altar of Xom.
  3431 | D:4      | Reached XP level 7. HP: 58/59 MP: 10/10
  3485 | D:4      | Reached skill level 7 in Fighting
  3803 | D:5      | Entered Level 5 of the Dungeon
  3880 | D:5      | Noticed Eustachio
  3928 | D:5      | Killed Eustachio
  4217 | D:5      | Noticed Menkaure
  4224 | D:5      | Killed Menkaure
  4224 | D:5      | Reached XP level 8. HP: 67/67 MP: 12/12
  4403 | D:5      | Found a bloodstained altar of Trog.
  4863 | D:6      | Reached *** piety under Lugonu
  4885 | D:6      | Found a staircase to the Ecumenical Temple.
  5095 | D:6      | Found an ancient bone altar of Kikubaaqudgha.
  5149 | D:6      | Noticed Duvessa
  5152 | D:6      | Noticed Dowan
  5161 | D:6      | Killed Duvessa
  5178 | D:6      | Killed Dowan
  5178 | D:6      | Reached XP level 9. HP: 44/72 MP: 14/14
  5359 | D:6      | Found a shattered altar of Ashenzari.
  5376 | D:6      | Found Nuvvi's Distillery.
  5380 | D:6      | Bought a potion of heal wounds for 65 gold pieces
  5477 | D:7      | Found a glowing golden altar of the Shining One.
  5726 | D:7      | Reached skill level 5 in Dodging
  6073 | D:7      | Reached skill level 8 in Fighting
  6141 | D:7      | Reached **** piety under Lugonu
  6322 | D:7      | Noticed a moth of wrath
  6325 | D:7      | Found a bloodstained altar of Trog.
  6402 | D:8      | Noticed Harold
  6415 | D:8      | Killed Harold
  6415 | D:8      | Reached XP level 10. HP: 26/80 MP: 15/17
  6816 | D:8      | Noticed Maggie
  6818 | D:8      | Noticed Joseph
  6834 | D:8      | Killed Joseph
  6834 | D:8      | Reached skill level 5 in Short Blades
  6834 | D:8      | Reached skill level 5 in Long Blades
  6834 | D:8      | Reached skill level 5 in Maces & Flails
  6834 | D:8      | Reached skill level 5 in Polearms
  6834 | D:8      | Reached skill level 5 in Staves
  6834 | D:8      | Reached skill level 5 in Slings
  6834 | D:8      | Reached skill level 5 in Bows
  6834 | D:8      | Reached skill level 5 in Crossbows
  6834 | D:8      | Reached skill level 5 in Throwing
  6834 | D:8      | Reached skill level 5 in Stealth
  6834 | D:8      | Reached skill level 5 in Shields
  6834 | D:8      | Reached skill level 5 in Unarmed Combat
  6834 | D:8      | Reached skill level 5 in Spellcasting
  6834 | D:8      | Reached skill level 5 in Evocations
  6847 | D:8      | Killed Maggie
  7283 | D:8      | Noticed Gastronok
  7318 | D:8      | Demolished by Gastronok

Illustrated notes

Levels and vault maps discovered:
D:1:      giann_bridges, layout_loops_ring
D:2:      layout_basic, uniq_crazy_yiuf_cottage
D:3:      layout_basic, overflow_temple_1_default,
          gammafunk_temple_overflow_wave, uniq_natasha, uniq_ijyb
D:4:      layout_gridville, xom_redecorated, mrwooster_statue_mirror,
          kennysheep_small_spiral
D:5:      layout_gridville, lightli_temple_of_fire, uniq_eustachio,
          uniq_menkaure
D:6:      layout_rooms, ashenzari_conservatory_becter, temple_statues,
          basic_altar, serial_shops, shop, uniq_duvessa
D:7:      layout_loops_ring, old_standard_altar, tgw_trog
D:8:      layout_loops_cross, uniq_maggie, uniq_joseph, uniq_gastronok,
          uniq_harold

Skill      XL: |  1  2  3  4  5  6  7  8  9 10 |
---------------+-------------------------------+-----
Short Blades   | 1 2 3 4 5 |  5.2
Long Blades    | 1 2 3 4 5 |  5.2
Maces & Flails | 1 2 3 4 5 |  5.2
Polearms       | 1 2 3 4 5 |  5.2
Staves         | 1 2 3 4 5 |  5.2
Slings         | 1 2 3 4 5 |  5.2
Bows           | 1 2 3 4 5 |  5.2
Crossbows      | 1 2 3 4 5 |  5.2
Throwing       | 1 2 3 4 5 |  5.2
Stealth        | 1 2 3 4 5 |  5.2
Shields        | 1 2 3 4 5 |  5.2
Unarmed Combat | 1 2 3 4 5 |  5.2
Spellcasting   | 1 2 3 4 5 |  5.2
Evocations     | 1 2 3 4 5 |  5.2
Conjurations   | 1 2 3 4 |  4.2
Hexes          | 1 2 3 4 |  4.2
Summonings     | 1 2 3 4 |  4.2
Necromancy     | 1 2 3 4 |  4.2
Translocations | 1 2 3 4 |  4.2
Transmutations | 1 2 3 4 |  4.2
Fire Magic     | 1 2 3 4 |  4.2
Ice Magic      | 1 2 3 4 |  4.2
Air Magic      | 1 2 3 4 |  4.2
Earth Magic    | 1 2 3 4 |  4.2
Poison Magic   | 1 2 3 4 |  4.2
Dodging        | 3 4 5 |  5.8
Invocations    | 5 6 7 |  7.4
Axes           | 5 6 7 |  7.0
Armour         | 5 6 7 |  7.0
Fighting       | 7 8 |  8.4

Action                   |  1- 3 |  4- 6 |  7- 9 | 10-12 || total
-------------------------+-------+-------+-------+-------++-------
Melee: Hand axe          |    98 |    46 |       |       ||   144
       Bite              |     9 |    13 |    36 |    10 ||    68
       War axe           |       |    79 |   260 |    73 ||   412
       Punch             |       |     1 |       |       ||     1
Throw: Boomerang         |       |       |     7 |       ||     7
Invok: Depart the Abyss  |     1 |       |       |       ||     1
       Banish            |       |       |       |     1 ||     1
  Use: Scroll            |     7 |     1 |    11 |       ||    19
       Potion            |       |       |       |     3 ||     3
 Stab: Sleeping          |       |     1 |     3 |       ||     4
Armor: Leather armour    |    27 |       |       |       ||    27
       Ring mail         |       |    58 |   174 |    20 ||   252
       Skin              |       |       |       |     7 ||     7
Dodge: Dodged            |    89 |    86 |   169 |    35 ||   379
Block: Kite shield       |       |       |   190 |    36 ||   226

Table legend: (Time is in decaauts)
 A = Elapsed time spent in this place.
 B = Non-inter-level travel time spent in this place.
 C = Inter-level travel time spent in this place.
 D = Time resting spent in this place.
 E = Time spent auto-exploring this place.
 F = Levels seen in this place.
 G = Mean time per level.
                   A        B        C        D        E       F      G
               +--------+--------+--------+--------+--------+-----+--------+
         Total |   7459 |   7256 |    203 |   1773 |   3929 |  10 |  745.9 |
       Dungeon |   7344 |   7141 |    203 |   1773 |   3869 |   8 |  918.0 |
         Abyss |    115 |    115 |      0 |      0 |     60 |   2 |   57.5 |
               +--------+--------+--------+--------+--------+-----+--------+

Top non-repeatable levels by time:
     D:1: 1319 daAuts
     D:2: 954 daAuts
     D:7: 952 daAuts
     D:8: 951 daAuts
     D:5: 942 daAuts
     D:3: 790 daAuts
     D:6: 766 daAuts
     D:4: 666 daAuts
 Abyss:2: 86 daAuts
 Abyss:1: 29 daAuts
